[Event "ICC tourney 2098 (40 10)"]
[Site "Internet Chess Club"]
[Date "2020.11.01"]
[Round "3"]
[White "orwind"]
[Black "Feugon"]
[Result "0-1"]
[ICCResult "White resigns"]
[WhiteElo "1618"]
[BlackElo "1963"]
[Opening "French: advance, Euwe variation"]
[ECO "C02"]
[NIC "FR.03"]
[Time "15:31:22"]
[TimeControl "2400+10"]

1. e4 e6 2. d4 d5 3. e5 c5 4. c3 Nc6 5. Nf3 Bd7 6. Be2 Qb6 7. a3 c4 8. O-O
Na5 9. Nbd2 Ne7 10. Qc2 Nc8 11. Bd1 Qc7 12. b4 cxb3 13. Nxb3 Ba4 14. Nfd2
Nb6 15. Qb2 Nbc4 16. Nxc4 Nxc4 17. Qa2 Rc8 18. Nd2 Nb6 19. Bb2 Bxd1 20.
Rfxd1 Na4 21. Rac1 b5 22. Qb3 Qd7 23. Ba1 Be7 24. Nf1 O-O 25. Rd3 a6 26. Rh3
g6 27. Ne3 Bg5 28. Rf1 Bxe3 29. fxe3 Qe7 30. Rf6 Rc7 31. Qc2 Qxa3 32. Qd1
Nxc3 33. Bxc3 Rxc3 34. Kf2 Qb2+ 35. Kf3 Qc2 36. Qe1 Qe4+ 37. Kf2 Rc2+
{White resigns}
0-1

[Event "ICC tourney 2098 (40 10)"]
[Site "Internet Chess Club"]
[Date "2020.11.01"]
[Round "3"]
[White "wildrumpus"]
[Black "Solidwrench2"]
[Result "1/2-1/2"]
[ICCResult "Game drawn by repetition"]
[WhiteElo "1478"]
[BlackElo "1967"]
[Opening "Queen's pawn game"]
[ECO "A45"]
[NIC "QP.07"]
[Time "15:31:41"]
[TimeControl "2400+10"]

1. d4 Nf6 2. e3 g6 3. Nf3 Bg7 4. Be2 O-O 5. O-O d5 6. b4 b6 7. Bb2 Ne4 8. c4
Bb7 9. Nc3 Nxc3 10. Bxc3 e6 11. Qb3 Nd7 12. Rad1 Nf6 13. Nd2 Rc8 14. a4 dxc4
15. Bxc4 Nd5 16. Bb2 Qe7 17. Ba3 Rfd8 18. Rfe1 Nf6 19. Bb2 Ne8 20. Be2 Bd5
21. Bc4 Bxc4 22. Nxc4 Nd6 23. Nxd6 cxd6 24. Rc1 d5 25. b5 Qd7 26. Ba3 Bf8
27. Bxf8 Rxf8 28. Rc2 Rxc2 29. Qxc2 Rc8 30. Qb2 Qc7 31. g3 Qc4 32. Ra1 Qd3
33. Rc1 Rc4 34. Ra1 h5 35. h4 Rc2 36. Qa3 Qf5 37. Rf1 Rc4 38. a5 Qc2 39.
axb6 axb6 40. Qa6 Qb2 41. Qxb6 Rb4 42. Qc6 Rxb5 43. Qc1 Qa2 44. Qa1 Qb3 45.
Qc1 Rb4 46. Qc8+ Kg7 47. Qc7 Rb7 48. Qe5+ Kg8 49. Kg2 Qb2 50. Kg1 Ra7 51.
Qd6 Ra2 52. Qd8+ Kg7 53. Qc7 Qe2 54. Qe5+ Kg8 55. Qb8+ Kh7 56. Qf8 Qf3 57.
Qe7 Kg7 58. Qd6 Qe2 59. Qe5+ Kg8 60. Qb8+ Kg7 61. Qe5+ Kg8 62. Qb8+ Kg7 63.
Qe5+ Kg8 {Game drawn by repetition} 1/2-1/2

[Event "ICC tourney 2098 (40 10)"]
[Site "Internet Chess Club"]
[Date "2020.11.01"]
[Round "3"]
[White "Heliosis"]
[Black "Slypawn"]
[Result "1/2-1/2"]
[ICCResult "Game drawn by mutual agreement"]
[WhiteElo "1890"]
[BlackElo "2098"]
[Opening "Ruy Lopez: closed, anti-Marshall 8.a4"]
[ECO "C88"]
[NIC "RL.18"]
[Time "15:31:34"]
[TimeControl "2400+10"]

1. e4 e5 2. Nf3 Nc6 3. Bb5 a6 4. Ba4 Nf6 5. O-O Be7 6. Re1 b5 7. Bb3 O-O 8.
a4 b4 9. d4 d6 10. dxe5 Nxe5 11. Nbd2 Bg4 12. h3 Bh5 13. Qe2 Qc8 14. Qe3 Bg6
15. Nxe5 dxe5 16. Kh1 Qb7 17. f3 Nd7 18. Nc4 Bh4 19. Rd1 Rad8 20. Bd2 h6 21.
Be1 Bg5 22. Qe2 Bf4 23. Bf2 Qc6 24. Be3 Qf6 25. Bxf4 Qxf4 26. Ne3 Nf6 27.
Nd5 Nxd5 28. Bxd5 Qf6 29. Rd2 Rd6 30. Rad1 Rfd8 31. b3 Qf4 32. Rd3 Kf8 33.
Bc4 a5 34. Rxd6 Rxd6 35. Bd5 Qf6 36. Rd3 Ke7 37. Qe3 Qg5 38. Qc5 Qc1+ 39.
Kh2 Kd7 40. Bc6+ Ke7 41. Bd5 Kd8 42. Qxa5 Qxc2 43. Qb5 f6 44. a5 Be8 45.
Qb8+ Ke7 46. Re3 Qc5 47. Re2 Qxa5 48. Rc2 Rd7 49. Rc6 Rxd5 50. exd5 Bxc6 51.
dxc6 Qb6 52. Qg8 Qxc6 53. Qxg7+ Ke6 54. Qxh6 Qd6 55. Qe3 Qd4 56. Qe2 Qc3 57.
Qa6+ Ke7 58. Qc8 Qc6 59. Kg3 Qd6 60. Qg4 e4+ 61. Qf4 e3 62. Qxd6+ cxd6 63.
f4 d5 64. Kf3 d4 65. Ke2 Kf7 66. f5 Kg7 67. g4 Kh6 68. h4 Kh7 69. g5 fxg5
70. hxg5 Kg7 71. Kd3 Kf7 72. g6+ Kf6 73. Ke2 Kg7 74. Kd3 Kf6 75. Ke2 Kg7
{Game drawn by mutual agreement}
1/2-1/2

[Event "ICC tourney 2098 (40 10)"]
[Site "Internet Chess Club"]
[Date "2020.11.01"]
[Round "4"]
[White "jsl1996"]
[Black "Aleksandrov73"]
[Result "1/2-1/2"]
[ICCResult "Game drawn by mutual agreement"]
[WhiteElo "2664"]
[BlackElo "2644"]
[Opening "Ruy Lopez: Berlin defense"]
[ECO "C65"]
[NIC "RL.07"]
[Time "17:47:15"]
[TimeControl "2400+10"]

1. e4 e5 2. Nf3 Nc6 3. Bb5 Nf6 4. d3 Bc5 5. Bxc6 dxc6 6. Nbd2 Bg4 7. h3 Bh5
8. Nc4 Nd7 9. Be3 f6 10. Qe2 Qe7 11. O-O-O O-O-O 12. Kb1 Rhe8 13. Rhe1 Nf8
{Game drawn by mutual agreement}
1/2-1/2

[Event "ICC tourney 2098 (40 10)"]
[Site "Internet Chess Club"]
[Date "2020.11.01"]
[Round "4"]
[White "Solidwrench2"]
[Black "Theutltl"]
[Result "1-0"]
[ICCResult "Black checkmated"]
[WhiteElo "1988"]
[BlackElo "1390"]
[Opening "Sicilian: Scheveningen (Paulsen), classical variation"]
[ECO "B85"]
[NIC "SI.23"]
[Time "17:46:41"]
[TimeControl "2400+10"]

1. e4 c5 2. Nf3 d6 3. d4 cxd4 4. Nxd4 Nf6 5. Nc3 a6 6. Be2 e6 7. O-O Be7 8.
f4 O-O 9. Be3 b5 10. Bf3 Bb7 11. a3 Qc7 12. g4 h6 13. g5 hxg5 14. fxg5 Nh7
15. g6 Nf6 16. gxf7+ Kxf7 17. Bh5+ g6 18. Qg4 Bc8 19. Qxg6# {Black
checkmated} 1-0

[Event "ICC tourney 2098 (40 10)"]
[Site "Internet Chess Club"]
[Date "2020.11.01"]
[Round "4"]
[White "marinaxiao"]
[Black "TheDude865"]
[Result "1/2-1/2"]
[ICCResult "Game drawn by mutual agreement"]
[WhiteElo "1490"]
[BlackElo "1487"]
[Opening "Giuoco Piano"]
[ECO "C54"]
[NIC "IG.02"]
[Time "17:46:33"]
[TimeControl "2400+10"]

1. e4 e5 2. Nf3 Nc6 3. Bc4 Bc5 4. c3 Nf6 5. d3 d6 6. a4 a5 7. Bg5 h6 8. Bh4
Bg4 9. O-O O-O 10. Re1 Re8 11. Nbd2 Be6 12. Bxe6 fxe6 13. h3 d5 14. exd5
exd5 15. Nb3 Bb6 16. Nfd2 Qd6 17. c4 Nb4 18. Nc1 Rad8 19. Re2 c6
{Game drawn by mutual agreement}
1/2-1/2

[Event "ICC tourney 2098 (40 10)"]
[Site "Internet Chess Club"]
[Date "2020.11.01"]
[Round "4"]
[White "che8642"]
[Black "john-hartmann"]
[Result "0-1"]
[ICCResult "White checkmated"]
[WhiteElo "1514"]
[BlackElo "1772"]
[Opening "Pirc: Byrne variation"]
[ECO "B07"]
[NIC "PU.09"]
[Time "17:47:02"]
[TimeControl "2400+10"]

1. d4 Nf6 2. Nc3 g6 3. e4 d6 4. Bg5 Bg7 5. Qd2 O-O 6. Bh6 c6 7. O-O-O b5 8.
f3 Qa5 9. Kb1 b4 10. Nce2 Be6 11. Nc1 Nbd7 12. h4 Rab8 13. g4 Nb6 14. h5 Na4
15. Nb3 Bxb3 16. cxb3 Nc3+ 17. bxc3 bxc3 18. Qc1 Bxh6 19. Qxh6 c2+ 20. Kxc2
Qxa2+ 21. Kc1 Rxb3 22. Rd3 Rb1# {White checkmated} 0-1

[Event "ICC tourney 2098 (40 10)"]
[Site "Internet Chess Club"]
[Date "2020.11.01"]
[Round "4"]
[White "imranchamp"]
[Black "SuperPuzzler"]
[Result "0-1"]
[ICCResult "White checkmated"]
[WhiteElo "1808"]
[BlackElo "1976"]
[Opening "Evans gambit"]
[ECO "C52"]
[NIC "IG.05"]
[Time "17:46:37"]
[TimeControl "2400+10"]

1. e4 e5 2. Nf3 Nc6 3. Bc4 Bc5 4. b4 Bxb4 5. c3 Ba5 6. d4 exd4 7. O-O Nge7
8. Ng5 d5 9. exd5 Ne5 10. Qxd4 f6 11. Bb3 Bb6 12. Qa4+ Bd7 13. Ne6 Bxa4 14.
Bxa4+ Kf7 15. Nxd8+ Raxd8 16. Bb3 Kg6 17. Rd1 Ng4 18. Rd2 Nf5 19. h3 Nxf2
20. Rxf2 Rhe8 21. Bd2 Re2 22. g4 Nd6 23. Bc2+ Kf7 24. Bxh7 Rxf2 25. Kh1 Rh8
26. Be3 Bxe3 27. Bg6+ Kxg6 28. Kg1 Rxa2+ 29. Kh1 Rxa1 30. Kh2 Rxb1 31. Kg2
a5 32. g5 Bxg5 33. h4 Bxh4 34. c4 Nxc4 35. d6 Nxd6 36. Kf3 a4 37. Ke2 a3 38.
Kd3 a2 39. Kc2 a1=Q 40. Kd3 Re8 41. Kc2 Rd1 42. Kb3 Re3+ 43. Kb4 Qa3#
{White checkmated}
0-1

[Event "ICC tourney 2098 (40 10)"]
[Site "Internet Chess Club"]
[Date "2020.11.01"]
[Round "4"]
[White "MiamiBoy"]
[Black "DLWarrior"]
[Result "1-0"]
[ICCResult "Black resigns"]
[WhiteElo "2256"]
[BlackElo "1947"]
[Opening "French: Steinitz, Boleslavsky variation"]
[ECO "C11"]
[NIC "FR.04"]
[Time "17:47:09"]
[TimeControl "2400+10"]

1. e4 e6 2. d4 d5 3. Nc3 Nf6 4. e5 Nfd7 5. f4 c5 6. Nf3 Nc6 7. Be3 Be7 8.
Qd2 O-O 9. dxc5 Nxc5 10. O-O-O a6 11. Kb1 b5 12. Bxc5 Bxc5 13. Bd3 b4 14.
Bxh7+ Kxh7 15. Ng5+ Kg6 16. Qd3+ f5 17. Qh3 Rh8 18. Qg3 Bf2 19. Qxf2 bxc3
20. Qg3 Qb6 21. b3 Qb4 22. Nxe6+ Kf7 23. Ng5+ Ke8 24. Rxd5 Qa3 25. Qxc3 Nb4
26. Rd6 Qxa2+ 27. Kc1 Qxc2+ 28. Qxc2 Nxc2 29. Kxc2 Bb7 30. Ne6 Rc8+ 31. Kb2
Rg8 32. Rhd1 Bxg2 33. Rd8+ Rxd8 34. Rxd8+ Kf7 35. Ng5+ {Black resigns} 1-0

[Event "ICC tourney 2098 (40 10)"]
[Site "Internet Chess Club"]
[Date "2020.11.01"]
[Round "4"]
[White "manest"]
[Black "xyzchessdude"]
[Result "1-0"]
[ICCResult "Black resigns"]
[WhiteElo "2719"]
[BlackElo "2006"]
[Opening "Nimzovich-Larsen attack: Indian variation"]
[ECO "A01"]
[NIC "VO.08"]
[Time "17:46:50"]
[TimeControl "2400+10"]

1. b3 Nf6 2. Bb2 g6 3. g3 Bg7 4. Bg2 d5 5. Nf3 c5 6. O-O O-O 7. c4 Nc6 8.
cxd5 Nxd5 9. Bxg7 Kxg7 10. d4 cxd4 11. Nxd4 Nxd4 12. Qxd4+ Nf6 13. Qe5 Kg8
14. Nc3 Ng4 15. Qc5 Be6 16. Bxb7 Rb8 17. Rfd1 Qb6 18. Qxb6 axb6 19. Bd5 Bxd5
20. Nxd5 e6 21. Nb4 Nf6 22. f3 Rfc8 23. Rac1 Rxc1 24. Rxc1 Rd8 25. Kf2 Rd2
26. Ke3 Rb2 27. Kd3 Kf8 28. Rc6 Nd5 29. Nxd5 exd5 30. Rc2 Rb1 31. Kd4 Rd1+
32. Ke5 Kg7 33. Kd6 d4 34. Kc6 d3 35. exd3 Rxd3 36. Kxb6 Rxf3 37. b4 h5 38.
b5 g5 39. a4 h4 40. gxh4 gxh4 41. a5 Rf6+ 42. Ka7 Rf5 43. Ka6 h3 44. b6 Rg5
45. b7 Rg2 46. Rc8 {Black resigns} 1-0

[Event "ICC tourney 2098 (40 10)"]
[Site "Internet Chess Club"]
[Date "2020.11.01"]
[Round "4"]
[White "Chesssaga"]
[Black "e4f5"]
[Result "1-0"]
[ICCResult "Black resigns"]
[WhiteElo "2041"]
[BlackElo "2216"]
[Opening "Sicilian, Chekhover variation"]
[ECO "B53"]
[NIC "SI.02"]
[Time "17:46:37"]
[TimeControl "2400+10"]

1. e4 c5 2. Nf3 d6 3. d4 cxd4 4. Qxd4 Nc6 5. Bb5 a6 6. Bxc6+ bxc6 7. c4 e5
8. Qd3 Nf6 9. Bg5 Be7 10. Nc3 O-O 11. O-O h6 12. Bxf6 Bxf6 13. Rfd1 Be7 14.
c5 dxc5 15. Qxd8 Rxd8 16. Nxe5 Bb7 17. Rxd8+ Rxd8 18. Rd1 Rd4 19. Nf3 Rxd1+
20. Nxd1 Bc8 21. Ne5 Bd6 22. Nc4 Bc7 23. Nde3 Be6 24. g3 Kf8 25. f3 Ke7 26.
b3 h5 27. Kg2 g5 28. h3 h4 29. g4 Bf4 30. Kf2 Bxe3+ 31. Kxe3 Bxc4 32. bxc4
Ke6 33. f4 f6 34. Kf3 a5 35. e5 {Black resigns} 1-0

[Event "ICC tourney 2098 (40 10)"]
[Site "Internet Chess Club"]
[Date "2020.11.01"]
[Round "4"]
[White "ramennoodle"]
[Black "goodcrowdchess"]
[Result "1-0"]
[ICCResult "Black checkmated"]
[WhiteElo "2079"]
[BlackElo "1675"]
[Opening "Ruy Lopez: closed"]
[ECO "C90"]
[NIC "RL.19"]
[Time "17:46:48"]
[TimeControl "2400+10"]

1. e4 e5 2. Nf3 Nc6 3. Bb5 a6 4. Ba4 Nf6 5. O-O Be7 6. Re1 b5 7. Bb3 d6 8.
h3 Na5 9. d3 O-O 10. Nbd2 Nxb3 11. axb3 Be6 12. Nf1 c5 13. Ng3 Qc7 14. Bd2
Rfc8 15. c4 Qb7 16. Nh4 g6 17. Bg5 Ne8 18. Qd2 Ng7 19. Bxe7 Qxe7 20. Qh6
Rcb8 21. Nf3 f6 22. Ra2 bxc4 23. bxc4 Rb3 24. Qd2 Qc7 25. Rea1 Qb6 26. Qc2
Rb4 27. Nd2 f5 28. Ne2 f4 29. f3 Ne8 30. Nc3 Nc7 31. Nd5 Bxd5 32. cxd5 Rb8
33. Nc4 Qa7 34. Nxd6 c4+ 35. Kh2 cxd3 36. Qc3 Rd4 37. b3 Qb6 38. Nc4 Qxb3
39. Qxb3 Rxb3 40. Nxe5 Nb5 41. Nc6 Rc4 42. Na5 Rbb4 43. Nxc4 Rxc4 44. Rd2
Rc3 45. Rad1 a5 46. Rxd3 Rc7 47. e5 a4 48. d6 Rc8 49. e6 Kf8 50. e7+ Ke8 51.
d7+ Kxe7 52. dxc8=Q a3 53. Rd7+ Ke6 54. Qe8+ Kf5 55. Rf7+ Kg5 56. Qe5+ Kh4
57. Rxh7# {Black checkmated} 1-0

[Event "ICC tourney 2098 (40 10)"]
[Site "Internet Chess Club"]
[Date "2020.11.01"]
[Round "4"]
[White "RagingKnightNC"]
[Black "kralj8"]
[Result "0-1"]
[ICCResult "White resigns"]
[WhiteElo "2118"]
[BlackElo "1952"]
[Opening "Réti: King's Indian attack (Barcza system)"]
[ECO "A07"]
[NIC "QP.09"]
[Time "17:46:45"]
[TimeControl "2400+10"]

1. Nf3 d5 2. g3 Nf6 3. Bg2 Nc6 4. d3 e5 5. Nbd2 Be7 6. O-O O-O 7. e4 Re8 8.
c3 Bg4 9. h3 Bh5 10. g4 Bg6 11. d4 exd4 12. e5 dxc3 13. exf6 Bxf6 14. bxc3
Bxc3 15. Rb1 Bxb1 16. Nxb1 Ba5 17. Qd3 Ne5 18. Nxe5 Rxe5 19. Bb2 d4 20. Bxb7
Rb8 21. Qxd4 Qxd4 22. Bxd4 Re1 23. Rxe1 Bxe1 24. Be4 Rb4 25. Bxa7 Rxe4 26.
Kf1 Rb4 27. Na3 Ra4 28. Nb5 c6 29. Nd4 Bxf2 30. Kxf2 Rxa7 31. Nxc6 Rxa2+ 32.
Kg3 g6 33. Ne5 f6 34. Nf3 Kg7 35. h4 h6 36. Kf4 Ra4+ 37. Kg3 g5 38. h5 f5
39. gxf5 Kf6 40. Nh2 Kxf5 41. Nf3 Ra3 42. Kg2 Rxf3 43. Kxf3 g4+ 44. Kg3 Kg5
45. Kg2 Kxh5 46. Kg3 Kg5 47. Kg2 h5 48. Kg3 h4+ 49. Kh2 Kf4 50. Kg2 h3+ 51.
Kf2 g3+ 52. Kg1 Kf3 53. Kh1 g2+ 54. Kg1 h2+ 55. Kxh2 Kf2 56. Kh3 g1=Q 57.
Kh4 Qg6 {White resigns} 0-1

[Event "ICC tourney 2098 (40 10)"]
[Site "Internet Chess Club"]
[Date "2020.11.01"]
[Round "4"]
[White "Dipankar007"]
[Black "HR2005"]
[Result "1-0"]
[ICCResult "Black resigns"]
[WhiteElo "1985"]
[BlackElo "2016"]
[Opening "Sicilian: Grand Prix attack"]
[ECO "B23"]
[NIC "SI.44"]
[Time "17:46:41"]
[TimeControl "2400+10"]

1. e4 c5 2. Nc3 Nc6 3. f4 g6 4. Nf3 Bg7 5. Bb5 Nd4 6. O-O a6 7. Be2 d6 8. d3
e6 9. f5 exf5 10. Nxd4 Bxd4+ 11. Kh1 Ne7 12. Bh6 Be6 13. Bf3 Qd7 14. Qd2
O-O-O 15. Rfb1 fxe4 16. dxe4 Nc6 17. Na4 Kb8 18. c3 Bf6 19. Bf4 Ne5 20. Nb6
Qc7 21. Nd5 Bxd5 22. Qxd5 Nxf3 23. gxf3 Rhe8 24. b4 Be5 25. Bg5 f6 26. Bd2
Re7 27. a4 Qc8 28. Kg2 f5 29. Bg5 Rde8 30. Bxe7 Rxe7 31. bxc5 fxe4 32. Qxe4
dxc5 33. Ra3 Bd6 34. Qd3 Bc7 35. Qxa6 Bf4 36. Rab3 c4 37. R3b2 Re2+ 38. Rxe2
{Black resigns}
1-0

[Event "ICC tourney 2098 (40 10)"]
[Site "Internet Chess Club"]
[Date "2020.11.01"]
[Round "4"]
[White "jy2020"]
[Black "GGuseinov"]
[Result "0-1"]
[ICCResult "White checkmated"]
[WhiteElo "2216"]
[BlackElo "2717"]
[Opening "Sicilian: accelerated fianchetto, Maróczy bind"]
[ECO "B36"]
[NIC "SI.33"]
[Time "17:46:34"]
[TimeControl "2400+10"]

1. e4 c5 2. Nf3 Nc6 3. d4 cxd4 4. Nxd4 g6 5. c4 Nf6 6. Nc3 d6 7. Be2 Nxd4 8.
Qxd4 Bg7 9. Be3 O-O 10. Qd2 a5 11. Rc1 a4 12. f3 Be6 13. O-O Qa5 14. Rfd1
Rfc8 15. b3 axb3 16. axb3 Nd7 17. Nd5 Qxd2 18. Rxd2 Kf8 19. Nf4 Ra3 20. Rb1
Bc3 21. Rc2 Bb4 22. Bc1 Ra5 23. Nd3 Ba3 24. Bd2 Raa8 25. Bd1 f5 26. Bc3 Bf7
27. Kf1 e5 28. Ra1 b5 29. Bb4 Bxb4 30. Rxa8 Rxa8 31. Nxb4 bxc4 32. bxc4 Ra1
33. Ke1 fxe4 34. fxe4 Nc5 35. Nd5 Nxe4 36. Nc3 Nc5 37. Nb5 Ke7 38. Rc3 g5
39. Ra3 Rc1 40. Ra7+ Kf6 41. Kd2 Rb1 42. Nxd6 Bg6 43. Rc7 Ne6 44. Rb7 Ra1
45. Bf3 Ra2+ 46. Ke3 Ra3+ 47. Kf2 Ra6 48. Ne4+ Bxe4 49. Bxe4 Nc5 50. Rxh7
Nxe4+ 51. Ke3 Kg6 52. Re7 Nf6 53. h3 Ra3+ 54. Ke2 Ra2+ 55. Ke3 e4 56. g3
Ra3+ 57. Kf2 Rf3+ 58. Kg2 Rc3 59. Rc7 Rc2+ 60. Kf1 Nh5 61. g4 Ng3+ 62. Ke1
e3 63. Kd1 Rd2+ 64. Ke1 Rh2 65. Rc6+ Kg7 66. Rc7+ Kf8 67. Rc8+ Ke7 68. Rc5
Rh1# {White checkmated} 0-1

[Event "ICC tourney 2098 (40 10)"]
[Site "Internet Chess Club"]
[Date "2020.11.01"]
[Round "4"]
[White "speedskater"]
[Black "TjkTiger"]
[Result "1-0"]
[ICCResult "Black forfeits on time"]
[WhiteElo "2631"]
[BlackElo "2589"]
[Opening "Grünfeld: Russian, Byrne (Simagin) variation"]
[ECO "D97"]
[NIC "GI.10"]
[Time "17:47:25"]
[TimeControl "2400+10"]

1. d4 Nf6 2. c4 g6 3. Nc3 d5 4. Nf3 Bg7 5. Qb3 dxc4 6. Qxc4 O-O 7. e4 Nc6 8.
Be2 e5 9. d5 Nd4 10. Nxd4 exd4 11. Qxd4 c6 12. Qd1 Qe8 13. O-O Nxe4 14. Nxe4
Qxe4 15. Bf3 Qf5 16. dxc6 bxc6 17. Qa4 Be6 18. Bxc6 Rab8 19. Qxa7 Bxb2 20.
Bxb2 Rxb2 21. a4 Bd5 22. Bxd5 Qxd5 23. Rfd1 Qa8 24. Qd4 Rfb8 25. a5 Qa6 26.
h4 R2b5 27. Qf4 h5 28. Rd6 Qa7 29. a6 Rf5 30. Qd2 Rfb5 31. Rd8+ Rxd8 32.
Qxd8+ Kh7 33. Qd3 Re5 34. Qf3 Re6 35. Rb1 Rxa6 36. Rb7 Ra1+ 37. Kh2 Qa2 38.
Qf6 {Black forfeits on time} 1-0

[Event "ICC tourney 2098 (40 10)"]
[Site "Internet Chess Club"]
[Date "2020.11.01"]
[Round "4"]
[White "adwaysane"]
[Black "andrewf2009"]
[Result "1-0"]
[ICCResult "Black resigns"]
[WhiteElo "1674"]
[BlackElo "1704"]
[Opening "Queen's bishop game"]
[ECO "D00"]
[NIC "QP.08"]
[Time "17:46:34"]
[TimeControl "2400+10"]

1. d4 d5 2. Bf4 Nf6 3. Nf3 e6 4. e3 c5 5. c3 Nc6 6. Nbd2 Bd6 7. Bg3 Qc7 8.
Bd3 c4 9. Bc2 O-O 10. O-O Bd7 11. e4 Bxg3 12. hxg3 Rfd8 13. e5 Ne8 14. Nh4
g6 15. f4 Ng7 16. g4 b5 17. g5 Nf5 18. Nxf5 exf5 19. Qf3 Be6 20. Kf2 b4 21.
Rh1 Kg7 22. Rh6 Rh8 23. Rah1 Qd8 24. Qh3 Qg8 25. Nf1 a5 26. Ne3 a4 27. a3 b3
28. Bb1 Ne7 29. g4 fxg4 30. Nxg4 Bxg4 31. Qxg4 Qc8 32. Qh4 Qg8 33. Qh3 Rc8
34. f5 gxf5 35. Bxf5 Nxf5 36. Qxf5 Re8 37. Qf6+ Kf8 38. g6 Qg7 39. Rxh7 Rxh7
40. gxh7 Qxf6+ 41. exf6 {Black resigns} 1-0

[Event "ICC tourney 2098 (40 10)"]
[Site "Internet Chess Club"]
[Date "2020.11.01"]
[Round "4"]
[White "HarleyQueen8"]
[Black "wildrumpus"]
[Result "1-0"]
[ICCResult "Black resigns"]
[WhiteElo "1888"]
[BlackElo "1465"]
[Opening "Queen's Indian accelerated"]
[ECO "E12"]
[NIC "QP.07"]
[Time "17:46:53"]
[TimeControl "2400+10"]

1. d4 Nf6 2. c4 b6 3. Nc3 Bb7 4. Nf3 e6 5. Bg5 Bb4 6. e3 Bxc3+ 7. bxc3 O-O
8. Bd3 h6 9. Bh4 Nc6 10. O-O Ba6 11. e4 Qc8 12. Bxf6 gxf6 13. Nh4 Ne7 14.
Qh5 Kg7 15. f4 Rh8 16. f5 Qg8 17. e5 Kf8 18. fxe6 dxe6 19. Rxf6 Ke8 20. Raf1
Kd7 21. Rxf7 Re8 22. Ng6 Bb7 23. R1f2 Kd8 24. Nxh8 Qxh8 25. Rh7 Qg8 26. Qf7
Qg5 27. Qxe6 Bc8 28. Qxh6 Qg4 29. Qh5 Qg8 30. Rff7 Bb7 31. Rhg7 Qh8 32. Qxh8
Rxh8 33. Rxe7 a5 34. Rxc7 Bc8 35. Ra7 Rf8 36. Ra8 a4 37. Be2 a3 38. Bg4 Rf7
39. Rxf7 Ke8 40. Rh7 {Black resigns} 1-0

[Event "ICC tourney 2098 (40 10)"]
[Site "Internet Chess Club"]
[Date "2020.11.01"]
[Round "4"]
[White "Leolix"]
[Black "Heliosis"]
[Result "1-0"]
[ICCResult "Black resigns"]
[WhiteElo "1960"]
[BlackElo "1868"]
[Opening "Queen's pawn: London system"]
[ECO "A45"]
[NIC "QP.07"]
[Time "17:47:00"]
[TimeControl "2400+10"]

1. d4 Nf6 2. Bf4 d5 3. e3 Bf5 4. c4 e6 5. Qb3 b6 6. Nc3 c6 7. Nf3 Nbd7 8.
Be2 Be7 9. h3 Ne4 10. Nxe4 Bxe4 11. Rc1 O-O 12. O-O c5 13. Nd2 dxc4 14. Bxc4
Bb7 15. Bd3 Nf6 16. dxc5 Bxc5 17. Rfd1 Qe7 18. Be2 Nd5 19. Bg3 Rfd8 20. Bf3
Rac8 21. Nc4 Qg5 22. h4 Qg6 23. Ne5 Qf6 24. Rd2 Bd6 25. Rxc8 Rxc8 26. Ng4
Qe7 27. Bxd6 Qxd6 28. e4 Qf4 29. Qd1 h5 30. g3 Qc7 31. exd5 hxg4 32. d6 Qd7
33. Bxg4 Qc6 34. f3 Qc5+ 35. Kg2 Rd8 36. a3 Bd5 37. b4 Qxd6 38. Kh2 Rc8 39.
Rc2 Rc6 40. f4 f5 41. Bxf5 exf5 42. Rd2 Rc3 43. Rxd5 Qe6 44. Rd8+ Kh7 45.
Qh5+ {Black resigns} 1-0

[Event "ICC tourney 2098 (40 10)"]
[Site "Internet Chess Club"]
[Date "2020.11.01"]
[Round "4"]
[White "fascimate"]
[Black "AlexW2007"]
[Result "0-1"]
[ICCResult "White checkmated"]
[WhiteElo "1668"]
[BlackElo "2116"]
[Opening "Sicilian: Najdorf, Byrne (English) attack"]
[ECO "B90"]
[NIC "SI.14"]
[Time "17:46:48"]
[TimeControl "2400+10"]

1. e4 c5 2. Nf3 d6 3. d4 cxd4 4. Nxd4 Nf6 5. Nc3 a6 6. Be3 e6 7. f3 b5 8.
Qd2 Bb7 9. O-O-O Nbd7 10. g4 Nb6 11. g5 Nfd7 12. h4 b4 13. Nce2 Nc4 14. Qd3
Rc8 15. Ng3 Qc7 16. Qxc4 Qxc4 17. Bxc4 Rxc4 18. Nb3 Rc8 19. Rd4 d5 20. Na5
Ba8 21. Nb3 Ne5 22. Rf1 Nc4 23. Bg1 Bd6 24. Bf2 Be5 25. Rd3 Nxb2 26. Rd2 Nc4
27. Re2 O-O 28. Nh1 dxe4 29. fxe4 Rfd8 30. Bg3 Bc3 31. Nf2 a5 32. Nd3 Bc6
33. Nbc5 Bd4 34. Nb3 Be3+ 35. Kb1 a4 36. Nbc5 Bxc5 37. Nxc5 Nd2+ 38. Rxd2
Rxd2 39. Nd3 Bxe4 40. Nxb4 Bxc2+ 41. Ka1 Bd1 42. Kb1 a3 43. Be5 Be2 44. Rc1
Rxc1+ 45. Kxc1 Rd8 46. Kc2 h6 47. Kb3 hxg5 48. hxg5 Ra8 49. Kc3 Ra5 50. Bf4
Rf5 51. Bc1 f6 52. gxf6 gxf6 53. Bxa3 Ra5 54. Bc1 e5 55. Kb3 e4 56. Kc2 f5
57. Kd2 Bc4 58. a3 Kf7 59. Ke3 Ke6 60. Kf4 Bd5 61. Nc2 Kf6 62. Bb2+ Kg6 63.
Ne3 Be6 64. Ng2 Rb5 65. Bc1 Rb1 66. Bd2 Rb2 67. Ke3 Rb3+ 68. Kf4 Rxa3 69.
Ke5 Bc8 70. Nh4+ Kh5 71. Nxf5 Bxf5 72. Kxf5 e3 73. Bb4 Rb3 74. Be1 Rb1 75.
Bc3 e2 76. Kf4 e1=Q 77. Bxe1 Rxe1 78. Kf3 Kg5 79. Kf2 Re4 80. Kf3 Kf5 81.
Kf2 Kf4 82. Kg2 Re3 83. Kf2 Ke4 84. Kg2 Rf3 85. Kg1 Kf4 86. Kg2 Kg4 87. Kg1
Kg3 88. Kh1 Rf1# {White checkmated} 0-1

[Event "ICC tourney 2098 (40 10)"]
[Site "Internet Chess Club"]
[Date "2020.11.01"]
[Round "4"]
[White "che2468"]
[Black "Zuiopal"]
[Result "0-1"]
[ICCResult "White checkmated"]
[WhiteElo "1447"]
[BlackElo "1671"]
[Opening "Queen's pawn game"]
[ECO "D00"]
[NIC "QP.07"]
[Time "17:46:51"]
[TimeControl "2400+10"]

1. d4 Nf6 2. Nc3 d5 3. Bf4 a6 4. e3 e6 5. a3 Be7 6. Nf3 Nbd7 7. Bd3 O-O 8.
O-O c5 9. Ne5 Nxe5 10. dxe5 Nd7 11. Qg4 g6 12. Bh6 Re8 13. f4 Bf8 14. Rf3
Bxh6 15. Rh3 Bg7 16. Qf3 c4 17. Be2 b5 18. g4 Nf8 19. g5 Bb7 20. Rd1 Qb6 21.
Rd4 b4 22. Nd1 bxa3 23. bxa3 Rab8 24. Nf2 Qc5 25. Ng4 Qxa3 26. Nf6+ Bxf6 27.
gxf6 Bc6 28. Qg4 Rb1+ 29. Kf2 Qc1 30. Rd1 Qxc2 31. Rxb1 Qxb1 32. Qh4 g5 33.
Qg4 Qf5 34. Qg3 Kh8 35. Rh5 Ng6 36. Rxg5 Qe4 37. Bh5 Qc2+ 38. Be2 Qe4 39.
Qh3 d4 40. Qh6 Qxe3+ 41. Ke1 Qc1+ 42. Kf2 Qxf4+ 43. Ke1 Rg8 44. Bh5 Qe3+ 45.
Kf1 Qf4+ 46. Ke1 Qh4+ 47. Kf1 c3 48. Rg4 Qh3+ 49. Ke1 Qe3+ 50. Qxe3 dxe3 51.
Rc4 Nxe5 52. Rxc3 Rg5 53. Bxf7 Nxf7 54. Rxc6 h6 55. Rc7 Kg8 56. Rc8+ Kh7 57.
Rc7 Kg6 58. Ke2 Re5 59. Rc6 a5 60. Ra6 Kxf6 61. Ra8 h5 62. h4 Nd6 63. Rf8+
Kg7 64. Ra8 Nf5 65. Ra7+ Kg6 66. Ra8 Nxh4 67. Rg8+ Kf5 68. Rh8 Kg4 69. Rg8+
Kh3 70. Rg1 Nf5 71. Rh1+ Kg4 72. Ra1 h4 73. Ra4+ Kg3 74. Ra1 h3 75. Rg1+ Kh2
76. Rf1 Ng3+ 77. Ke1 Nxf1 78. Kxf1 e2+ 79. Ke1 Kg2 80. Kd2 h2 81. Kd3 e1=Q
82. Kc4 h1=Q 83. Kb3 Qhf1 84. Ka2 Qf3 85. Kb2 Re2# {White checkmated} 0-1